 Dungeon Crawl Stone Soup version 0.29-a0-43-g62a80824bf (webtiles) character file.

Game seed: 13456518816405670166

189813 vineage the Warrior (level 18, -2/129 (131) HPs)
             Began as a Gargoyle Fighter on Feb 2, 2022.
             Was a High Priest of Okawaru.
             Killed from afar by a starcursed mass (10 damage)
             ... with an accursed screaming
             ... on level 3 of the Abyss.
             The game lasted 00:56:18 (45650 turns).

vineage the Warrior (Gargoyle Fighter)             Turns: 45650, Time: 00:56:18

HP:   -2/129 (131)  AC: 47    Str: 29    XL:     18   Next: 14%
MP:   23/23         EV: 10    Int:  9    God:    Okawaru [*****.]
Gold: 3841          SH: 32    Dex: 33    Spells: 17/17 levels left

rFire   + + .      SeeInvis +   e - +6 eveningstar "Grom" {venom, rF++ Will- rCorr Stlth+}
rCold   + . .      Faith    .   n - +3 tower shield "Cinuik" {Dex+2}
rNeg    + . .      Spirit   .   O - +9 plate armour of Wegos {rElec rF- Str+4 SInv}
rPois   ∞          Reflect  +   i - +2 helmet of Inevitability {rElec Dex+7 Stlth+}
rElec   +          Harm     .   d - scarf {rC+ rF+}
rCorr   +          Rampage  .   h - +0 pair of fencer's gloves {Riposte Dex+3}
Will    .....                   T - +1 pair of boots of an ossuary {Str-3 Dex+6}
Stlth   ..........              v - amulet of reflection
HPRegen 0.31/turn               k - +4 ring of evasion
MPRegen 0.18/turn               m - +6 ring of strength

@: about to teleport, flying, wreathed by umbra, lightly drained
A: sickness immunity, AC +13, big wings, negative energy resistance 1,
electricity resistance, torment resistance 1, petrification resistance
}: 1/15 runes: decaying
a: Renounce Religion, Heroism, Finesse, Duel


You were on level 3 of the Abyss.
You worshipped Okawaru.
Okawaru was extremely pleased with you.
You visited 6 branches of the dungeon, and saw 29 of its levels.
You visited the Abyss 1 time.
You also visited: Ice Cave.

You collected 4453 gold pieces.
You spent 612 gold pieces at shops.

Inventory:

Hand Weapons
 c - the +5 demon whip of Xefadwei {flame, *Noise rC+ rN+ Int+2}
   (You acquired it on level 1 of the Swamp)

   It burns those it strikes, dealing additional fire damage.
   Int:       It affects your intelligence (+2).
   rC:        It protects you from cold.
   rN:        It protects you from negative energy.
   *Noise:    It may make noises in combat.
 e - the +6 eveningstar "Grom" (weapon) {venom, rF++ Will- rCorr Stlth+}
   (Okawaru gifted it to you on level 1 of the Swamp)

   It poisons the flesh of those it strikes.
   rF:        It greatly protects you from fire.
   rCorr:     It protects you from acid and corrosion.
   Will:      It decreases your willpower.
   Stlth:     It makes you more stealthy.
Missiles
 y - 4 throwing nets (quivered)
Armour
 d - a scarf of resistance (worn)
 h - the +0 pair of fencer's gloves (worn) {Riposte Dex+3}
   (Okawaru gifted it to you on level 6 of the Lair of Beasts)

   It allows the wearer to riposte with melee weapons, swiftly retaliating
   against missed attacks.
   Dex:       It affects your dexterity (+3).
 i - the +2 helmet of Inevitability (worn) {rElec Dex+7 Stlth+}
   (You acquired it on level 1 of the Swamp)

   Dex:       It affects your dexterity (+7).
   rElec:     It insulates you from electricity.
   Stlth:     It makes you more stealthy.
 n - the +3 tower shield "Cinuik" (worn) {Dex+2}
   (Okawaru gifted it to you on level 15 of the Dungeon)

   Dex:       It affects your dexterity (+2).
 w - a +2 cloak of poison resistance
 E - the +0 hat of Trumpets {rCorr Int+5 Dex-3 SInv}
   (You found it on level 14 of the Dungeon)

   Int:       It affects your intelligence (+5).
   Dex:       It affects your dexterity (-3).
   SInv:      It lets you see invisible.
   rCorr:     It protects you from acid and corrosion.
 O - the +9 plate armour of Wegos (worn) {rElec rF- Str+4 SInv}
   (You found it on level 1 of the Lair of Beasts)

   Str:       It affects your strength (+4).
   rF:        It makes you vulnerable to fire.
   rElec:     It insulates you from electricity.
   SInv:      It lets you see invisible.
 T - the +1 pair of boots of an ossuary (worn) {Str-3 Dex+6}
   (Okawaru gifted it to you on level 4 of the Lair of Beasts)

   Str:       It affects your strength (-3).
   Dex:       It affects your dexterity (+6).
Jewellery
 k - a +4 ring of evasion (left hand)
 m - a +6 ring of strength (right hand)
 v - an amulet of reflection (around neck)
 x - a ring of protection from cold
 I - a +4 ring of protection
 K - the ring "Roranw Imocw" {Fly Slay+2}
   (You took it off a deep elf knight on level 2 of the Swamp)

   [ring of flight]

   Slay:      It affects your accuracy & damage with ranged weapons and melee
   (+2).
   Fly:       It grants you flight.
 M - a ring of magical power
Wands
 b - a wand of iceblast (12)
 q - a wand of flame (5)
 Q - a wand of digging (12)
Scrolls
 o - 7 scrolls of enchant weapon
 p - 3 scrolls of fear
 z - 2 scrolls of amnesia
 C - 5 scrolls of enchant armour
 J - 2 scrolls of silence
 P - 6 scrolls of identify
 S - 2 scrolls of fog
 W - a scroll of vulnerability
 X - 2 scrolls of brand weapon
Potions
 a - 4 potions of curing
 f - 5 potions of lignification
 g - 4 potions of mutation
 l - 4 potions of haste
 s - 3 potions of attraction
 u - 3 potions of invisibility
 B - 6 potions of might
 D - 4 potions of cancellation
 G - 2 potions of magic
 H - a potion of berserk rage
 N - 5 potions of brilliance
 Z - 3 potions of ambrosia


   Skills:
 * Level 20.8 Fighting
 * Level 17.5 Maces & Flails
 + Level 14.7 Armour
 + Level 14.7 Shields
 - Level 7.8 Invocations


You had 17 spell levels left.
You didn't know any spells.
Your spell library contained the following spells:

 Spells                   Type           Power      Damage    Failure   Level
 Apportation              Tloc           0%         N/A       100%        1
 Foxfire                  Conj/Fire      0%         2x1d4     100%        1
 Shock                    Conj/Air       0%         1d3       100%        1
 Static Discharge         Conj/Air       0%         N/A       100%        2
 Conjure Flame            Conj/Fire      0%         6-21      100%        3
 Dazzling Flash           Conj/Hex       0%         N/A       100%        3
 Inner Flame              Hex/Fire       0%         N/A       100%        3
 Portal Projectile        Hex/Tloc       0%         N/A       100%        3
 Stone Arrow              Conj/Erth      0%         3d7       100%        3
 Swiftness                Air            0%         N/A       100%        3
 Airstrike                Air            0%         N/A       100%        4
 Dispel Undead            Necr           0%         3d6       100%        4
 Flame Wave               Conj/Fire      0%         2d4       100%        4
 Hailstorm                Conj/Ice       0%         3d3       100%        4
 Ice Form                 Ice/Tmut       0%         N/A       100%        4
 Leda's Liquefaction      Hex/Erth       0%         N/A       100%        4
 Petrify                  Tmut/Erth      0%         N/A       100%        4
 Sticky Flame             Conj/Fire      0%         2d3       100%        4
 Agony                    Necr           0%         N/A       100%        5
 Alistair's Intoxication  Tmut/Pois      0%         N/A       100%        5
 Blade Hands              Tmut           0%         N/A       100%        5
 Borgnjor's Vile Clutch   Necr/Erth      0%         N/A       100%        5
 Excruciating Wounds      Necr           0%         N/A       100%        5
 Fireball                 Conj/Fire      0%         3d3       100%        5
 Iskenderun's Battlesphe  Conj           0%         2d6       100%        5
 Lee's Rapid Deconstruct  Erth           0%         3d5*      100%        5
 Metabolic Englaciation   Hex/Ice        0%         N/A       100%        5
 Silence                  Hex/Air        0%         N/A       100%        5
 Eringya's Noxious Bog    Tmut/Pois      0%         N/A       100%        6
 Iron Shot                Conj/Erth      0%         9d1       100%        6
 Starburst                Conj/Fire      0%         6d3       100%        6
 Ignition                 Fire           0%         3d3       100%        8
 Animate Skeleton         Necr           Unusable   N/A       N/A         1
 Summon Small Mammal      Summ           Unusable   N/A       N/A         1
 Simulacrum               Ice/Necr       Unusable   N/A       N/A         6
 Statue Form              Tmut/Erth      Unusable   N/A       N/A         6
 Spellforged Servitor     Conj/Summ      Unusable   N/A       N/A         7

Dungeon Overview and Level Annotations

Branches:
Dungeon (15/15)            Temple (1/1) D:6            Lair (6/6) D:9
  Swamp (4/4) Lair:3        Snake (0/4) Lair:2        Slime (0/5) Lair:5
    Orc (2/2) D:11            Elf (1/3) Orc:2        Vaults (0/5) D:13
 Depths (0/4) D:15          IceCv (visited)

Altars:
Ashenzari
Cheibriados
Elyvilon
Fedhas
Gozag
Hepliaklqana
Kikubaaqudgha
Makhleb
Nemelex Xobeh
Okawaru
Ru
Sif Muna
Uskayaw
Wu Jian
Xom
Zin
The Shining One
Beogh
Jiyva

Shops:
D:11 ((   Orc:2 *(?*   Elf:1 *

Portals:
Abyss: D:14

Annotations:
D:14 1 transporter, Saov's ghost, journeyman MiBe
Elf:1 Louise


Innate Abilities, Weirdness & Mutations

You are immune to sickness and miasma.
Your stone body is resilient. (AC +13)
You are immune to poison.
Your large and strong wings let you fly.
You resist negative energy. (rN+)
You are resistant to electric shocks. (rElec)
You are resistant to unholy torment.
You are immune to petrification.


Message History

The large abomination hits you but does no damage.
The starspawn tentacle grabs you. The starspawn tentacle constricts you.
The wight hits you but does no damage.
The starcursed mass touches you but does no damage.
The wight hits you but does no damage. x2
The starcursed mass touches you but does no damage.
The large abomination hits you.
* * * LOW HITPOINT WARNING * * *
You can move again.
You escape the starspawn tentacle's grasp.
You block the wight's attack. x3
A cacophony of accursed wailing tears at your sanity!
* * * LOW HITPOINT WARNING * * *
An ancient zyme comes into view.
The starcursed mass barely misses you.
You riposte.
You hit the starcursed mass.
The starcursed mass is moderately damaged.
The starcursed mass shudders and is absorbed by its neighbour.
You block the wight's attack.
A tentacle flies out from the starspawn's body!
The starcursed mass touches you but does no damage.
You block the wight's attack.
A cacophony of accursed wailing tears at your sanity!
* * * LOW HITPOINT WARNING * * *
You shrug off the repeated paralysis!
The starcursed mass touches you but does no damage.
A starspawn tentacle comes into view.
The ancient zyme hits you.
* * * LOW HITPOINT WARNING * * *
You block the ancient zyme's attack. You block the starcursed mass's attack.
The ancient lich shouts!
Something shouts, "Quit, thou euchred dizzy-eyed puttock!"
A starcursed mass splits.
You feel better.
A cacophony of accursed wailing tears at your sanity!
* * * LOW HITPOINT WARNING * * *
You block the ancient zyme's attack. x2; The starcursed mass barely misses you.
A starcursed mass splits.
A cacophony of accursed wailing tears at your sanity!
You die...

...... .........
.. ..
...............#
.
......4.L.......
###.####zz.z....
.. #
#zXXX......#
#xXXX......#
#X.X#......
#XXxX.......
#@Xx.......#
#..A.....#.#
#..........#
#........ .
#.......#.
#........
#.......#
#........


You could see a profane servitor, 10 starcursed masses, an ancient lich, a
tentacled starspawn, 3 ancient zymes, a large abomination, a hellwing and 4
wights.

Vanquished Creatures
  Nikola (Swamp:2)
  Jorgrun (D:14)
  Mlioglotl (Swamp:1)
  Kirke (D:15)
  Donald (Elf:1)
  A thorn hunter (Swamp:4)
  Roxanne (D:14)
  The ghost of bmj180 the Impaler, an adept MfIE of Vehumet (Elf:1)
  A fenstrider witch (Swamp:1)
  2 orc warlords (Orc:2)
  A fire giant (D:15)
  A frost giant (IceCv)
  4 ghouls
  2 eleionomae (Swamp:2)
  Azrael (D:12)
  3 bunyips
  Josephine (D:15)
  4 deep elf death magi (Elf:1)
  An ettin (Orc:1)
  4 ice dragons
  2 shambling mangroves (Swamp:4)
  A great orb of eyes (shapeshifter) (D:13)
  Erolcha (D:9)
  A rakshasa (Abyss:3)
  Harold (D:9)
  17 hydras
  3 catoblepae
  An ogre mage (D:15)
  7 ghost crabs
  4 alligators
  4 centaur warriors
  2 death knights (D:13)
  3 dancing weapons (Elf:1)
  4 two-headed ogres
  7 death yaks
  A spriggan berserker (Swamp:2)
  5 tengu warriors
  6 orc high priests
  Urug (Lair:4)
  2 wretched stars (Abyss:3)
  6 deep elf knights
  Nergalle (Lair:1)
  3 goliath frogs
  9 skeletal warriors
  A deep troll (shapeshifter) (D:13)
  Pikel (D:9)
  6 spriggan druids
  An obsidian statue (Elf:1)
  A swamp dragon (Swamp:3)
  3 orc knights
  7 bog bodies
  A lindwurm (Lair:6)
  6 deep elf archers (Elf:1)
  11 deep elf zephyrmancers (Elf:1)
  3 manticores
  9 orc sorcerers
  9 deep elf pyromancers
  8 ugly things
  4 will-o-the-wisps
  2 cyclopes
  4 black mambas
  Maurice (D:8)
  26 elephants
  Joseph (D:7)
  12 cane toads
  5 apocalypse crabs
  An ice statue (IceCv)
  8 rime drakes
  5 freezing wraiths
  2 kobold demonologists (D:9)
  An efreet (D:13)
  13 komodo dragons
  3 tengu conjurers
  A bloated husk (Swamp:2)
  18 trolls
  8 polar bears
  A polar bear (shapeshifter) (D:13)
  6 hornets
  3 raiju (Abyss:3)
  4 blink frogs (Lair:6)
  2 slime creatures (D:13)
  8 dream sheep
  10 tyrant leeches
  9 wraiths
  A shadow (D:9)
  An air elemental (D:14)
  27 yaks
  2 water elementals (Elf:1)
  6 fire elementals
  5 wyverns
  2 hogs (D:15)
  2 fire bats (Abyss:3)
  3 basilisks
  A chaos spawn (Abyss:3)
  Grum (D:8)
  17 spriggans
  5 swamp worm simulacra (Swamp:4)
  5 humans (D:15)
  17 vampire mosquitoes
  3 acid dragons
  6 hell hounds
  3 nagas (Lair:2)
  12 swamp worms
  8 wargs
  12 water moccasins
  12 hydra simulacra (Swamp:4)
  Duvessa (D:4)
  30 orc warriors
  An ice beast (D:7)
  A swamp drake (Swamp:3)
  7 black bears
  4 boggarts (Lair:6)
  9 ogres
  3 necrophages
  36 wolves
  21 centaurs
  5 kobold brigands (D:9)
  2 scorpions (D:4)
  14 bullfrogs
  A gnoll sergeant (D:9)
  3 earth elementals
  A water moccasin zombie (D:5)
  A water moccasin skeleton (D:5)
  Dowan (D:4)
  5 wights (D:8)
  2 electric eels
  3 centaur zombies
  A hound (D:5)
  3 jellies
  Crazy Yiuf (D:7)
  20 orc priests
  A bullfrog skeleton (D:5)
  An iguana (D:4)
  31 orc wizards
  7 hell rats (Lair:3)
  2 howler monkey zombies
  12 gnolls
  5 adders
  3 swamp drake simulacra (Swamp:4)
  An ufetubus (D:5)
  8 dart slugs
  56 orcs
  8 bats
  4 endoplasms
  3 giant cockroaches
  7 goblins
  6 hobgoblins
  9 jackals
  14 kobolds
  3 quokkas
  10 ball pythons
  3 frilled lizards
  3 rats
874 creatures vanquished.

Vanquished Creatures (others)
  Nessos (D:13)
  An eleionoma (Swamp:2)
  An alligator (Swamp:4)
  A goliath frog (Swamp:2)
  A bog body (Swamp:2)
  A spriggan druid (Swamp:1)
  2 deep elf pyromancers (Elf:1)
  4 bloated husks
  A hornet (Swamp:1)
  2 water elementals
  A swamp worm (Swamp:4)
  An orc warrior (Orc:2)
  An orc priest (Orc:2)
  An orc wizard (D:5)
  32 foxfires
  44 fungi
  54 plants
  24 starspawn tentacles (Abyss:3)
173 creatures vanquished.

Grand Total: 1047 creatures vanquished

Notes
Turn   | Place    | Note
-------+----------+-------------------------------------------
     0 | D:1      | vineage the Gargoyle Fighter began the quest for the Orb.
     0 | D:1      | Reached XP level 1. HP: 14/14 MP: 1/1
   312 | D:1      | Reached XP level 2. HP: 14/20 MP: 2/2
  1072 | D:1      | Reached skill level 4 in Fighting
  1531 | D:2      | Reached XP level 3. HP: 24/24 MP: 3/3
  1777 | D:2      | Found a faded altar of an unknown god.
  1831 | D:2      | Reached XP level 4. HP: 30/30 MP: 4/4
  1903 | D:2      | Reached skill level 5 in Fighting
  2711 | D:3      | Reached XP level 5. HP: 35/35 MP: 5/5
  2730 | D:3      | Identified the +1 robe of the Pleiades {rElec Will- Str+3}
  3339 | D:4      | Reached skill level 6 in Fighting
  3435 | D:4      | Noticed a necrophage
  3459 | D:4      | Killed a necrophage
  3460 | D:4      | Reached XP level 6. HP: 42/42 MP: 6/6
  3821 | D:4      | Noticed Dowan
  3821 | D:4      | Noticed Duvessa
  3836 | D:4      | Killed Duvessa
  3837 | D:4      | Reached skill level 7 in Fighting
  3837 | D:4      | Reached XP level 7. HP: 40/48 MP: 7/7
  3838 | D:4      | Identified the +0 ring mail "Urhibiby" {rF+ Will+}
  3841 | D:4      | Killed Dowan
  4139 | D:5      | Entered Level 5 of the Dungeon
  4164 | D:5      | Noticed a wraith
  4181 | D:5      | Killed a wraith
  4182 | D:5      | Reached skill level 8 in Fighting
  4182 | D:5      | Reached skill level 5 in Maces & Flails
  4414 | D:4      | Reached XP level 8. HP: 22/55 MP: 8/8
  4667 | D:5      | Reached skill level 9 in Fighting
  5786 | D:6      | Found a staircase to the Ecumenical Temple.
  5917 | D:6      | Found a burning altar of Makhleb.
  6165 | D:6      | Reached skill level 10 in Fighting
  6214 | Temple   | Entered the Ecumenical Temple
  6372 | Temple   | Became a worshipper of Warmaster Okawaru
  6440 | D:7      | Reached XP level 9. HP: 60/63 MP: 9/9
  6600 | D:7      | Noticed Joseph
  6624 | D:7      | Killed Joseph
  6624 | D:7      | Reached * piety under Okawaru
  6625 | D:7      | Reached skill level 11 in Fighting
  7242 | D:7      | Found a runed translucent door.
  7243 | D:7      | Noticed Crazy Yiuf
  7385 | D:7      | Killed Crazy Yiuf
  7539 | D:8      | Noticed Maurice
  7559 | D:8      | Killed Maurice
  7559 | D:8      | Reached ** piety under Okawaru
  7699 | D:8      | Noticed Grum
  7706 | D:8      | Reached skill level 12 in Fighting
  7713 | D:8      | Killed Grum
  7927 | D:8      | Noticed a two-headed ogre
  7936 | D:8      | Killed a two-headed ogre
  7936 | D:8      | Reached *** piety under Okawaru
  7937 | D:8      | Reached skill level 13 in Fighting
  7937 | D:8      | Reached XP level 10. HP: 55/73 MP: 7/10
  8872 | D:9      | Noticed a kobold demonologist
  8908 | D:9      | Reached skill level 1 in Invocations
  8967 | D:9      | Killed a kobold demonologist
  8967 | D:9      | Reached **** piety under Okawaru
  9067 | D:9      | Found a staircase to the Lair.
  9237 | D:9      | Noticed Erolcha
  9265 | D:9      | Killed Erolcha
  9266 | D:9      | Reached skill level 5 in Armour
  9266 | D:9      | Reached skill level 5 in Shields
  9562 | D:9      | Noticed Pikel
  9576 | D:9      | Killed Pikel
  9654 | D:9      | Reached ***** piety under Okawaru
  9782 | D:9      | Noticed Harold
  9811 | D:9      | Killed Harold
  9812 | D:9      | Reached skill level 5 in Invocations
  9812 | D:9      | Reached XP level 11. HP: 34/78 MP: 14/14
 10630 | D:9      | Noticed a two-headed ogre
 10639 | D:9      | Killed a two-headed ogre
 10939 | D:10     | Entered Level 10 of the Dungeon
 11982 | D:10     | Received a gift from Okawaru
 12130 | D:10     | Noticed a manticore
 12139 | D:10     | Killed a manticore
 12491 | D:11     | Found Gomesch's Weapon Shop.
 12531 | D:11     | Found a staircase to the Orcish Mines.
 12563 | D:11     | Found Ucurey's Weapon Shoppe.
 12968 | D:11     | Noticed a cyan ugly thing
 12981 | D:11     | Killed a cyan ugly thing
 13098 | D:11     | You fall into a shaft and drop 1 floor!
 13134 | D:12     | Noticed a green ugly thing
 13148 | D:12     | Killed a green ugly thing
 13303 | D:11     | Identified the +8 arbalest of Nufull {penet, Will+}
 13674 | D:11     | Reached XP level 12. HP: 74/84 MP: 17/17
 14119 | D:12     | Noticed Azrael
 14477 | Lair:1   | Entered Level 1 of the Lair of Beasts
 14548 | Lair:1   | Noticed Nergalle
 14817 | Lair:1   | Killed Nergalle
 15221 | Lair:1   | Received a gift from Okawaru
 15556 | Lair:1   | Identified the +9 plate armour of Wegos {rElec rF- Str+4
                  | SInv}
 15771 | Lair:2   | Found a staircase to the Snake Pit.
 16053 | Lair:2   | Noticed a five-headed hydra
 16075 | Lair:2   | Killed a five-headed hydra
 16076 | Lair:2   | Reached skill level 14 in Fighting
 16188 | Lair:2   | Reached skill level 10 in Maces & Flails
 16405 | Lair:2   | Noticed a six-headed hydra
 16427 | Lair:2   | Killed a six-headed hydra
 16706 | Lair:2   | Identified the +1 pair of gloves of Nipettir {rC+} (Okawaru
                  | gifted it to you on level 2 of the Lair of Beasts)
 16706 | Lair:2   | Received a gift from Okawaru
 16839 | Lair:2   | Noticed a seven-headed hydra
 16852 | Lair:2   | Killed a seven-headed hydra
 17063 | Lair:2   | Reached XP level 13. HP: 79/91 MP: 18/18
 17854 | Lair:3   | Reached skill level 10 in Armour
 17856 | Lair:3   | Identified a scroll of acquirement
 17857 | Lair:3   | Acquired 1062 gold pieces
 17952 | Lair:3   | Found a staircase to the Swamp.
 17958 | Lair:3   | Reached skill level 10 in Shields
 18456 | Lair:3   | Reached skill level 15 in Fighting
 18992 | Lair:4   | You fall into a shaft and drop 1 floor!
 19423 | Lair:4   | Reached ****** piety under Okawaru
 19435 | Lair:4   | Identified the +1 pair of boots of an ossuary {Str-3 Dex+6}
                  | (Okawaru gifted it to you on level 4 of the Lair of Beasts)
 19435 | Lair:4   | Received a gift from Okawaru
 20442 | Lair:5   | Noticed Urug
 20442 | Lair:5   | Found a staircase to the Slime Pits.
 20442 | Lair:5   | Found a viscous altar of Jiyva.
 20470 | Lair:4   | Killed Urug
 21405 | Lair:6   | Entered Level 6 of the Lair of Beasts
 21536 | Lair:6   | Gained mutation: Your large and strong wings let you fly.
                  | [Gargoyle growth]
 21536 | Lair:6   | Reached XP level 14. HP: 96/99 MP: 19/19
 21674 | Lair:6   | Reached skill level 16 in Fighting
 21703 | Lair:6   | Received a gift from Okawaru
 23274 | Lair:6   | Received a gift from Okawaru
 23274 | Lair:6   | Found the +0 pair of fencer's gloves {Riposte Dex+3}
 24623 | D:12     | Killed Azrael
 25719 | D:13     | Reached skill level 17 in Fighting
 26011 | D:13     | Noticed Nessos
 26039 | D:13     | Killed Nessos
 26465 | D:13     | Reached XP level 15. HP: 104/107 MP: 20/20
 26868 | D:13     | Found a gate to the Vaults.
 26943 | D:13     | Noticed an acid blob
 26944 | D:13     | Noticed a frost giant
 26944 | D:13     | an acid blob changed into a frost giant
 26945 | D:13     | Received a gift from Okawaru
 26951 | D:13     | Noticed a fenstrider witch
 26951 | D:13     | a frost giant changed into a fenstrider witch
 26954 | D:13     | Noticed a quicksilver dragon
 26954 | D:13     | a fenstrider witch changed into a quicksilver dragon
 26955 | D:13     | a quicksilver dragon changed into a dire elephant
 26957 | D:13     | Noticed a fenstrider witch
 26957 | D:13     | a dire elephant changed into a fenstrider witch
 26965 | D:13     | Noticed a sphinx
 26965 | D:13     | a fenstrider witch changed into a sphinx
 26968 | D:13     | Noticed an azure jelly
 26968 | D:13     | a sphinx changed into an azure jelly
 26972 | D:13     | Noticed a storm dragon
 26972 | D:13     | an azure jelly changed into a storm dragon
 26974 | D:13     | a storm dragon changed into a death yak
 27825 | D:14     | Found a sparkling altar of Nemelex Xobeh.
 27843 | D:14     | Noticed a Hell Sentinel
 27872 | D:14     | Noticed Saov's ghost (journeyman MiBe)
 28131 | D:14     | Identified Roxanne's Catalogue of Earth
 28131 | D:14     | Noticed Roxanne
 28157 | D:14     | Killed Roxanne
 28424 | D:14     | Found a large runed translucent door.
 28425 | D:14     | Found a large runed translucent door.
 28620 | D:14     | Found a transporter.
 28629 | D:14     | Found a transporter.
 28713 | D:14     | Noticed Jorgrun
 28729 | D:14     | Killed Jorgrun
 29259 | D:14     | Paralysed by an air elemental for 1 turns
 29264 | D:14     | Paralysed by an air elemental for 1 turns
 29347 | D:14     | Found a one-way gate to the infinite horrors of the Abyss.
 29349 | D:14     | Identified the +0 hat of Trumpets {rCorr Int+5 Dex-3 SInv}
 29666 | D:14     | Noticed a caustic shrike
 29695 | D:14     | Noticed a shadow dragon
 29707 | D:15     | Entered Level 15 of the Dungeon
 29940 | D:15     | Found a staircase to the Depths.
 29940 | D:15     | Noticed a fire giant
 30312 | Orc:1    | Entered Level 1 of the Orcish Mines
 30316 | Orc:1    | Found a frozen archway.
 30369 | IceCv    | Entered an ice cave
 30486 | IceCv    | Reached skill level 18 in Fighting
 30738 | IceCv    | Noticed a frost giant
 30753 | IceCv    | Killed a frost giant
 30893 | IceCv    | Received a gift from Okawaru
 31899 | Orc:2    | Entered Level 2 of the Orcish Mines
 32073 | Orc:2    | Reached XP level 16. HP: 60/116 MP: 19/21
 32450 | Orc:2    | Reached skill level 15 in Maces & Flails
 33251 | Orc:2    | Found a staircase to the Elven Halls.
 33682 | Orc:2    | Found Jygrur's Assorted Antiques.
 33682 | Orc:2    | Found Qekomaro's Antique Weapon Emporium.
 33683 | Orc:2    | Found Uwuuh's Assorted Antiques.
 33687 | Orc:2    | Found Okoint's Magic Scroll Shoppe.
 33692 | Orc:2    | Bought a fuming coppery potion for 21 gold pieces
 33692 | Orc:2    | Bought 2 potions of might for 192 gold pieces
 33959 | Orc:2    | Bought a runed morningstar for 182 gold pieces
 34177 | D:15     | Noticed Kirke
 34201 | D:15     | Noticed a sphinx
 34204 | D:15     | Killed Kirke
 34250 | D:15     | Identified the +4 flail of Bloody Death {freeze, SInv}
 34315 | D:15     | Noticed Josephine
 34329 | D:15     | Killed Josephine
 35105 | D:15     | Identified the +3 tower shield "Cinuik" {Dex+2} (Okawaru
                  | gifted it to you on level 15 of the Dungeon)
 35105 | D:15     | Received a gift from Okawaru
 35128 | D:15     | Reached skill level 19 in Fighting
 35655 | D:15     | Found a glowing golden altar of the Shining One.
 35655 | D:15     | Found a white marble altar of Elyvilon.
 35655 | D:15     | Found a glowing silver altar of Zin.
 35859 | Swamp:1  | Entered Level 1 of the Swamp
 35874 | Swamp:1  | Found a runed translucent door.
 35874 | Swamp:1  | Noticed a fenstrider witch
 35883 | Swamp:1  | Killed a fenstrider witch
 37311 | Swamp:1  | Paralysed by you for 5 turns
 37635 | Swamp:2  | Noticed Mlioglotl
 37966 | Swamp:1  | Killed Mlioglotl
 37974 | Swamp:1  | Acquired the +5 demon whip of Xefadwei {flame, *Noise rC+
                  | rN+ Int+2}
 37975 | Swamp:1  | Acquired the +2 helmet of Inevitability {rElec Dex+7
                  | Stlth+}
 38012 | Swamp:2  | Noticed Nikola
 38656 | Swamp:2  | Killed Nikola
 38657 | Swamp:2  | Reached XP level 17. HP: 45/122 MP: 20/22
 38669 | Swamp:1  | Identified the +6 eveningstar "Grom" {venom, rF++ Will-
                  | rCorr Stlth+} (Okawaru gifted it to you on level 1 of the
                  | Swamp)
 38669 | Swamp:1  | Received a gift from Okawaru
 39492 | Swamp:2  | Identified the ring "Roranw Imocw" {Fly Slay+2}
 40767 | Swamp:3  | Reached skill level 20 in Fighting
 41231 | Swamp:4  | Entered Level 4 of the Swamp
 41270 | Swamp:4  | Received a gift from Okawaru
 42982 | Swamp:4  | Got a decaying rune of Zot
 43279 | Elf:1    | Entered Level 1 of the Elven Halls
 43937 | Elf:1    | Noticed a Brimstone Fiend
 43947 | Elf:1    | Noticed a Tzitzimitl
 44531 | Elf:1    | Noticed Donald
 44554 | Elf:1    | Killed Donald
 44555 | Elf:1    | Reached XP level 18. HP: 55/131 MP: 18/23
 45181 | Elf:1    | Found a runed translucent gate.
 45181 | Elf:1    | Found an opulent altar of Gozag.
 45182 | Elf:1    | Found a runed translucent gate.
 45183 | Elf:1    | Found a runed translucent gate.
 45184 | Elf:1    | Noticed bmj180's ghost (adept MfIE)
 45185 | Elf:1    | Found Omonn's Assorted Antiques.
 45204 | Elf:1    | Killed bmj180's ghost
 45295 | Elf:1    | Bought a scroll of blinking for 217 gold pieces
 45314 | Elf:1    | Identified the +2 tower shield of Jiczaim {Int+4 Stlth+}
 45314 | Elf:1    | Noticed Louise
 45365 | Elf:1    | Cast into level 3 of the Abyss (Louise)
 45408 | Abyss:3  | Noticed a deep elf blademaster
 45536 | Abyss:3  | Found a bloodstained altar of Trog.
 45642 | Abyss:3  | Paralysed by accursed screaming for 2 turns
 45646 | Abyss:3  | HP: 6/129 [ancient zyme (6)]
 45647 | Abyss:3  | Noticed a profane servitor
 45647 | Abyss:3  | Noticed an ancient lich
 45650 | Abyss:3  | Killed from afar by a starcursed mass

Illustrated notes

Levels and vault maps discovered:
D:1:      elethiomel_arrival_shortcut, layout_basic
D:2:      layout_loops_ring, nicolae_ecumenical_lake_church, nrook_uturn
D:3:      kennysheep_big_flooded_room, layout_basic
D:4:      kennysheep_slugbush, layout_basic, dk_vineyard_3, uniq_duvessa
D:5:      layout_gridville, saegor_snake_ambush
D:6:      layout_loops_ring, bloody_makhleb, minmay_temple_entry_nine_rooms,
          serial_co_window_serial, co_window_of_opportunity_a,
          co_window_of_opportunity_a, co_window_of_opportunity_a,
          co_window_paths_a, co_window_of_opportunity_a,
          co_window_of_opportunity_a, co_window_paths_a, co_window_broadway_b,
          co_window_broadway_a, co_window_cross_4, co_window_corner_cb,
          co_window_corner_ca, glass_columns_c, glass_columns_b,
          glass_columns_b, glass_columns_b, glass_columns_a
D:7:      layout_layer_cave, kennysheep_boxes, uniq_joseph,
          uniq_crazy_yiuf_cottage
D:8:      layout_cave_pods, uniq_maurice, uniq_grum
D:9:      layout_loops_ring, erik_lair_orcish_takeover, serial_glass,
          glass_columns_a, glass_columns_c, glass_columns_a, glass_columns_c,
          glass_columns_a, glass_columns_c, glass_columns_a, glass_columns_b,
          item_on_display_a, uniq_pikel, uniq_erolcha, uniq_harold
D:10:     layout_long_grid, hangedman_decor_clover_reticule
D:11:     layout_loops_ring, orc_david_3, serial_shops,
          nicolae_shop_competitors_out_of_business
D:12:     layout_big_octagon, uniq_azrael
D:13:     layout_rooms, david_vaults_4, gauntlet_entry_generic, uniq_nessos
D:14:     layout_long_grid, nemelex_xobeh_ov_fountains_minmay,
          gammafunk_ghost_abyssal_escape, minmay_misc_feat_iff,
          hangedman_decor_lopped, kennysheep_small_spiral,
          lightli_elemental_guards, uniq_roxanne, uniq_jorgrun
D:15:     grunt_enter_depths_giant_problem, layout_gridville,
          good_gods_mini_temple, uniq_josephine, uniq_kirke
Temple:   roderic_octagonal_lattice_temple
Lair:1:   layout_misc_corridors, grunt_megastairs_5, serial_bayou_shore_b,
          infiniplex_staircase_pool, uniq_nergalle
Lair:2:   layout_chaotic_city, minmay_snake_entry_guardpost_small,
          enter_volcano_3, grunt_megastairs_1
Lair:3:   layout_regular_city, swamp_mist, serial_bayou_shore_b
Lair:4:   layout_loops_ring
Lair:5:   layout_misc_corridors, slime_altar_1, nicolae_quartered_pool_impasse,
          chequers_serial_rivers_small_a, serial_bayou_ford_a, uniq_urug
Lair:6:   minmay_lair_end_enchanted_forest, layout_concentric_octagons,
          lookout_lair_type, nicolae_lair_yak_garden
Swamp:1:  gammafunk_mikee_crab_dinner, layout_basic_swamp,
          evilmike_swamp_ruin_rubble_2, swamp_pool3, roderic_carrion_pond
Swamp:2:  cheibrodos_swamp_heart_of_darkness, layout_basic_swamp,
          nicolae_swamp_long_stream, uniq_mlioglotl, uniq_nikola
Swamp:3:  layout_basic_swamp, hangedman_swamp_ruin_wall, swamp_pool1,
          nicolae_swamp_dense_foliage
Swamp:4:  swamp_icy, layout_basic_swamp, infiniplex_staircase_pool_2
Orc:1:    layout_diamond_mine, portal_ice_cave_entry_pillars_1, basic_altar
Orc:2:    st_orc_mages, layout_caves
Elf:1:    nicolae_elf_arrival_no_cutting_in_line, layout_loops_cross,
          serial_shops, shop, ebering_ghost_gozag, minmay_elf_crystal_heptagon,
          lemuel_flamethrower_2, uniq_louise, uniq_donald
Abyss:3:  base: Depths:3, grunt_abyss_rune_forest_and_sorcery,
          dshaligram_kb_abyss_rune_zappy_water_cross,
          nicolae_abyss_rune_star_stuff, due_evilmike_abyss_rune_seething_liches

Skill      XL: |  1  2  3  4  5  6  7  8  9 10 11 12 13 14 15 16 17 |
---------------+----------------------------------------------------+-----
Fighting       | 4 5 6 7 8 10 13 14 15 17 18 19 20 | 20.8
Maces & Flails | 3 4 5 6 8 10 12 13 14 16 17 | 17.5
Invocations    | 5 7 |  7.8
Armour         | 6 8 9 10 11 12 13 14 | 14.7
Shields        | 6 8 9 10 11 12 13 14 | 14.7

Action                   |  1- 3 |  4- 6 |  7- 9 | 10-12 | 13-15 | 16-18 || total
-------------------------+-------+-------+-------+-------+-------+-------++-------
Melee: Flail             |    55 |       |       |       |       |       ||    55
       Whip              |    37 |   137 |   222 |    23 |       |       ||   419
       Morningstar       |       |       |       |   679 |  1592 |   615 ||  2886
       Demon whip        |       |       |       |       |       |    58 ||    58
       Eveningstar       |       |       |       |       |       |   598 ||   598
Invok: Heroism           |       |       |     1 |    10 |    22 |    14 ||    47
       Finesse           |       |       |       |       |       |     3 ||     3
  Use: Potion            |     1 |       |       |     3 |     1 |     6 ||    11
       Scroll            |       |     7 |     6 |     8 |    14 |    13 ||    48
 Stab: Sleeping          |       |       |       |     1 |       |       ||     1
       Petrified         |       |       |       |       |     9 |       ||     9
       Petrifying        |       |       |       |       |     2 |       ||     2
Armor: Scale mail        |    44 |    51 |     1 |       |       |       ||    96
       Ring mail         |       |       |    81 |   287 |       |       ||   368
       Plate armour      |       |       |       |   208 |  1197 |   643 ||  2048
Dodge: Dodged            |    45 |    52 |    92 |   527 |   938 |   385 ||  2039
Block: Buckler           |    28 |    17 |    38 |   270 |   933 |   292 ||  1578
       Reflection        |       |       |       |       |    40 |    62 ||   102
       Tower shield      |       |       |       |       |       |  1210 ||  1210
       Rpst.: Morningstar |       |       |       |       |    78 |    47 ||   125
       Eveningstar       |       |       |       |       |       |    21 ||    21

Table legend: (Time is in decaauts)
 A = Elapsed time spent in this place.
 B = Non-inter-level travel time spent in this place.
 C = Inter-level travel time spent in this place.
 D = Time resting spent in this place.
 E = Time spent auto-exploring this place.
 F = Levels seen in this place.
 G = Mean time per level.
                   A        B        C        D        E       F      G
               +--------+--------+--------+--------+--------+-----+--------+
         Total |  45374 |  42604 |   2770 |  12105 |  23250 |  31 | 1463.7 |
       Dungeon |  21828 |  20214 |   1614 |   5211 |  12216 |  15 | 1455.2 |
        Temple |    173 |    139 |     34 |      0 |    126 |   1 |  173.0 |
          Lair |  10106 |   9561 |    545 |   2354 |   5498 |   6 | 1684.3 |
         Swamp |   7254 |   6945 |    309 |   2757 |   3058 |   4 | 1813.5 |
  Orcish Mines |   3689 |   3519 |    170 |   1712 |   1278 |   2 | 1844.5 |
   Elven Halls |   1194 |   1098 |     96 |     70 |    438 |   1 | 1194.0 |
         Abyss |    281 |    281 |      0 |      0 |      0 |   1 |  281.0 |
      Ice Cave |    846 |    846 |      0 |      0 |    634 |   1 |  846.0 |
               +--------+--------+--------+--------+--------+-----+--------+

Top non-repeatable levels by time:
 Swamp:1: 3069 daAuts
   Orc:2: 2936 daAuts
  Lair:6: 2825 daAuts
     D:9: 2824 daAuts
    D:14: 2402 daAuts
    D:13: 2165 daAuts
    D:11: 2117 daAuts
 Swamp:4: 1865 daAuts
  Lair:3: 1774 daAuts
 Swamp:2: 1743 daAuts
    D:15: 1652 daAuts
  Lair:2: 1583 daAuts
     D:1: 1480 daAuts
     D:8: 1405 daAuts
  Lair:5: 1347 daAuts
